 Dungeon Crawl Stone Soup version 0.21.1-1-g345015fe64 (webtiles) character file.

7 Ivernyr the Charmwright (level 1, -5/16 HPs)
             Began as a Demonspawn Skald on May 1, 2018.
             Killed from afar by a dart slug (6 damage)
             ... with a slug dart
             ... on level 1 of the Dungeon.
             The game lasted 00:01:41 (122 turns).

Ivernyr the Charmwright (Demonspawn Skald)           Turns: 122, Time: 00:01:42

Health: -5/16      AC:  3    Str: 11    XL:     1   Next: 83%
Magic:  3/3        EV: 11    Int: 14    God:
Gold:   12         SH:  0    Dex: 12    Spells: 3/4 levels left

rFire    . . .     SeeInvis .   a - +0 falchion
rCold    . . .     Gourm    .   (no shield)
rNeg     . . .     Faith    .   b - +0 leather armour
rPois    .         Spirit   .   (no helmet)
rElec    .         Reflect  .   (no cloak)
rCorr    .         Harm     .   (no gloves)
MR       .....                  (no boots)
Stlth    +.........             (no amulet)
HPRegen  0.05/turn              (no ring)
MPRegen  0.08/turn              (no ring)

@: no status effects
A: no striking features
a: no special abilities


You were on level 1 of the Dungeon.
You were not hungry.

You visited 1 branch of the dungeon, and saw 1 of its levels.

You collected 12 gold pieces.

Inventory:

Hand Weapons
 a - a +0 falchion (weapon)
Armour
 b - a +0 leather armour (worn)
Books
 c - a book of Battle

   Spells                             Type                      Level
   a - Infusion                       Charms                       1
   b - Shroud of Golubria             Charms/Translocation         2
   c - Song of Slaying                Charms                       2
   d - Spectral Weapon                Hexes/Charms                 3
   e - Regeneration                   Charms/Necromancy            3
Comestibles
 d - a ration


   Skills:
 + Level 2.1 Fighting
 + Level 1.9 Long Blades
 * Level 1.2 Armour
 - Level 1.7 Dodging
 - Level 2.0 Spellcasting
 + Level 2.8 Charms


You had 3 spell levels left.
You knew the following spells:

 Your Spells              Type           Power        Failure   Level  Hunger
a - Infusion              Chrm           #...         10%         1    ##.....


Dungeon Overview and Level Annotations

Branches:
Dungeon (1/15)

Altars:


Message History

The slug dart hits you!
* * * LOW HITPOINT WARNING * * *
Your leather armour prevents you from hitting the dart slug.
The dart slug is heavily wounded.
The rat barely misses you. The dart slug closely misses you.
The rat bites you but does no damage.
You hit the dart slug.
The dart slug is almost dead.
The rat bites you but does no damage. The dart slug bites you.
* * * LOW HITPOINT WARNING * * *
You barely miss the rat. The rat bites you but does no damage.
You closely miss the rat. The rat closely misses you.
You riposte.
You hit the rat but do no damage. You barely miss the rat. The rat misses you.
You riposte.
You barely miss the rat. You hit the rat.
You kill the rat!
The dart slug launches a dart at you. The slug dart hits you!
You die...

... #################
...#### #>.............†.
....... #.###.#####....##
....... #.# #.# #....#
.......###.# #.#####....#
........##.# #.....#....#
........##.#######.######
?......w)@.......#.######
###.....##........).....##
#.....##................
#.....##.#####.#......##
#.....##.# #.########
##.#.....# #.# #.#.#####
#.# #.#$ #.# ..#


You could see a dart slug.

Vanquished Creatures
  3 goblins (D:1)
  A bat (D:1)
  2 frilled lizards (D:1)
  A rat (D:1)
7 creatures vanquished.

Notes
Turn   | Place    | Note
-------+----------+-------------------------------------------
     0 | D:1      | Ivernyr the Demonspawn Skald began the quest for the Orb.
     0 | D:1      | Reached XP level 1. HP: 16/16 MP: 3/3
     2 | D:1      | Noticed a demonspawn
     2 | D:1      | Noticed an ogre
     4 | D:1      | Noticed a naga
     6 | D:1      | Noticed a felid
     6 | D:1      | Noticed a dwarf
     8 | D:1      | Noticed a vine stalker
    10 | D:1      | Noticed an elf
    10 | D:1      | Noticed a merfolk
    12 | D:1      | Noticed a draconian
    14 | D:1      | Noticed a demigod
    14 | D:1      | Noticed a ghoul
    16 | D:1      | Noticed a formicid
    16 | D:1      | Noticed a centaur
    18 | D:1      | Noticed an octopode
    20 | D:1      | Noticed a tengu
    20 | D:1      | Noticed a vampire
    22 | D:1      | Noticed a spriggan
    22 | D:1      | Noticed a minotaur
    24 | D:1      | Noticed a gargoyle
    24 | D:1      | Noticed a human
    26 | D:1      | Noticed a troll
    26 | D:1      | Noticed a halfling
    40 | D:1      | Reached skill level 1 in Armour
   122 | D:1      | Killed from afar by a dart slug

Skill      XL: |  1 |
---------------+----+-----
Armour         | 1 |  1.2
Fighting       | |  2.1
Long Blades    | |  1.9
Dodging        | |  1.7
Spellcasting   | |  2.0
Charms         | |  2.8

Action                   || total
-------------------------++-------
Melee: Falchion          ||    20
Armor: Leather armour    ||     8
Dodge: Dodged            ||    12
       Rpst.: Falchion   ||     6
